 Dungeon Crawl Stone Soup version 0.28.0-49-g6dfe1f597d (webtiles) character file.

Game seed: 8918428611593076163

35 Exodus22XD the Covered (level 3, 33/33 HPs)
             Began as a Minotaur Fighter on May 20, 2022.
             Was a Follower of Elyvilon.
             Quit the game on level 2 of the Dungeon.
             The game lasted 00:00:34 (898 turns).

Exodus22XD the Covered (Minotaur Fighter)            Turns: 898, Time: 00:00:34

Health: 33/33      AC:  7    Str: 22    XL:     3   Next: 16%
Magic:  2/2        EV:  9    Int:  5    God:    Elyvilon [*.....]
Gold:   79         SH:  4    Dex:  9    Spells: 2/2 levels left

rFire   . . .      SeeInvis .   a - +0 war axe
rCold   . . .      Faith    .   c - +0 buckler
rNeg    . . .      Spirit   .   b - +0 scale mail
rPois   .          Reflect  .   (helmet restricted)
rElec   .          Harm     .   (no cloak)
rCorr   .          Rampage  .   (no gloves)
Will    .....                   (no boots)
Stlth   ..........              (no amulet)
HPRegen 0.11/turn               (no ring)
MPRegen 0.08/turn               (no ring)

@: no status effects
A: horns 2, retaliatory headbutt
a: Renounce Religion, Purification


You were on level 2 of the Dungeon.
You worshipped Elyvilon.
Elyvilon was aware of your devotion.
You visited 1 branch of the dungeon, and saw 2 of its levels.

You collected 79 gold pieces.

Inventory:

Hand Weapons
 a - a +0 war axe (weapon)
Armour
 b - a +0 scale mail (worn)
 c - a +0 buckler (worn)
Scrolls
 f - a scroll of teleportation {unknown}
 h - a scroll of immolation {unknown}
Potions
 d - a potion of might
 e - a potion of heal wounds {unknown}
 g - a potion of cancellation {unknown}


   Skills:
 + Level 4.0 Fighting
 + Level 3.0 Axes
 + Level 4.2 Armour
 + Level 4.0 Shields


You had 2 spell levels left.
You didn't know any spells.
Your spell library contained the following spells:

 Spells                   Type           Power      Damage    Failure   Level
 Summon Small Mammal      Summ           0%         N/A       87%         1
 Call Canine Familiar     Summ           0%         N/A       99%         3
 Summon Guardian Golem    Hex/Summ       0%         N/A       99%         3


Dungeon Overview and Level Annotations

Branches:
Dungeon (1/15)

Altars:
Elyvilon


Innate Abilities, Weirdness & Mutations

You have a pair of horns on your head.
You reflexively headbutt those who attack you in melee.


Message History

The giant cockroach bites you but does no damage. x2
A giant cockroach is nearby!
You closely miss the giant cockroach.
The giant cockroach bites you but does no damage.
The giant cockroach barely misses you. You furiously retaliate!
You headbutt the giant cockroach, but do no damage.
A giant cockroach is nearby!
You slash the giant cockroach!
You kill the giant cockroach!
Your Axes skill increases to level 3!
A frilled lizard comes into view.
The frilled lizard hisses angrily.
You completely miss the frilled lizard.
Your headbutt misses the frilled lizard.
The frilled lizard closely misses you. You furiously retaliate!
You headbutt the frilled lizard.
You kill the frilled lizard!
Found 16 stones.
No target in view!
Found a runed scarf.
No target in view!
You open the door.
Found a faded altar of an unknown god.
No target in view!
There is an open door here.
Found a robe.
No target in view!
As you open the door, it creaks loudly!
No target in view!
There is an open door here.
There is a faded altar of an unknown god here.
You see here a +0 robe.
As you open the door, it creaks loudly!
No target in view!
There is a faded altar of an unknown god here.
You cannot tell which god this altar belongs to.
Convert to them anyway?
Elyvilon accepts your prayer! Elyvilon welcomes you!
You can now purify yourself.
Are you sure you want to abandon this character and quit the game? (Confirm with "yes".)

#..#.........
##.#.########
##.#.# #+##
.....# #..
##.### #8### #.#
#..P# #.# ##.#.#
#.# ##.[#P'P#
#.#
#####P@P#####
#.# #P'P#P.##
#)# #.#.#.##
##.# #.#...#
...# #.###8#
#### #.....#
#####'# ###.#
#.#..#
#.......###.#.##


There were no monsters in sight!

Vanquished Creatures
  2 dart slugs (D:1)
  3 giant cockroaches
  3 goblins
  5 hobgoblins
  3 jackals (D:2)
  2 kobolds (D:1)
  A ball python (D:1)
  5 bats
  A frilled lizard (D:2)
  3 rats (D:1)
28 creatures vanquished.

Notes
Turn   | Place    | Note
-------+----------+-------------------------------------------
     0 | D:1      | Exodus22XD the Minotaur Fighter began the quest for the
                  | Orb.
     0 | D:1      | Reached XP level 1. HP: 19/19 MP: 0/0
   137 | D:1      | Reached XP level 2. HP: 23/27 MP: 1/1
   681 | D:1      | You fall into a shaft and drop 1 floor!
   737 | D:2      | Reached XP level 3. HP: 33/33 MP: 2/2
   871 | D:2      | Found a faded altar of an unknown god.
   897 | D:2      | Prayed at the altar of an unknown god.
   897 | D:2      | Became a worshipper of Elyvilon the Healer
   897 | D:2      | Reached * piety under Elyvilon
   898 | D:2      | Quit the game

Illustrated notes

Levels and vault maps discovered:
D:1:      beargit_arrival_diablo_church, layout_basic
D:2:      layout_loops_cross, shapermc_ecumenical_altar_ellora,
          minmay_crystal_water, uniq_crazy_yiuf_cottage

Skill      XL: |  1  2  3 |
---------------+----------+-----
Armour         | 4 |  4.2
Shields        | 4 |  4.0
Fighting       | 4 |  4.0
Axes           | 3 |  3.0

Action                   || total
-------------------------++-------
Melee: War axe           ||    47
       Headbutt          ||     3
Armor: Scale mail        ||    23
Dodge: Dodged            ||    25
Block: Buckler           ||    13
